 Dungeon Crawl Stone Soup version 0.30-a0-939-gc8157cb160 (webtiles) character file.

Game seed: 2050301865512938636

96 Iniera the Twirler (level 4, 0/33 HPs)
             Began as a Demonspawn Gladiator on Mar 26, 2023.
             Succumbed to a scorpion's poison
             ... on level 3 of the Dungeon.
             The game lasted 00:01:40 (1789 turns).

Iniera the Twirler (Demonspawn Gladiator)           Turns: 1789, Time: 00:01:41

Health: 0/33       AC:  4    Str: 16    XL:     4   Next: 41%
Magic:  4/4        EV: 12    Int:  9    God:
Gold:   71         SH:  8    Dex: 15    Spells: 3/3 levels left

rFire   . . .      SeeInvis .    a - +1 quarterstaff
rCold   . . .      Faith    .    (shield currently unavailable)
rNeg    . . .      Spirit   .    b - +0 leather armour
rPois   .          Reflect  .    c - +0 helmet
rElec   .          Rampage  .    (no cloak)
rCorr   .                        (no gloves)
Will    .....                    (no boots)
Stlth   +                        (no amulet)
HPRegen 0.25/turn                (no ring)
MPRegen 0.09/turn                (no ring)

@: lethally poisoned (0 -> -15)
A: large bone plates 1, condensation shield, demonic touch 1
a: no special abilities


You were on level 3 of the Dungeon.
You visited 1 branch of the dungeon, and saw 3 of its levels.

You collected 71 gold pieces.

Inventory:

Hand Weapons
 a - a +1 quarterstaff (weapon)
Missiles
 d - 3 throwing nets (quivered)
 e - a javelin
Armour
 b - a +0 leather armour (worn)
 c - a +0 helmet (worn)
Scrolls
 l - 2 scrolls of teleportation
Potions
 f - a potion of haste {unknown}
 g - 2 potions of heal wounds {unknown}
 h - 2 potions of resistance {unknown}
 i - a potion of curing {unknown}
 j - a potion of flight {unknown}
 k - a potion of ambrosia {unknown}
 m - a potion of mutation {unknown}
 n - a potion of degeneration {unknown}


   Skills:
 - Level 2.0 Fighting
 * Level 4.8 Staves
 - Level 1.7 Throwing
 - Level 2.6 Dodging


You had 3 spell levels left.
You didn't know any spells.
Your spell library contained the following spells:

 Spells                   Type           Power      Damage    Failure   Level
 Magic Dart               Conj           0%         1d3       45%         1
 Call Imp                 Summ           0%         N/A       58%         2
 Mephitic Cloud           Conj/Pois/Air  0%         N/A       83%         3


Dungeon Overview and Level Annotations

Branches:
Dungeon (3/15)

Altars:


Innate Abilities, Weirdness & Mutations

You are partially covered in large bone plates. (SH +4)
A meltable shield of frost defends you. (SH +4)
Your touch may inflict minor irresistible damage on your foes.


Message History

You sock the gnoll!
The gnoll is severely wounded.
The gnoll barely misses you. The gnoll hits you but does no damage.
You closely miss the gnoll.
The gnoll is severely wounded.
The gnoll closely misses you. The gnoll barely misses you.
You hit the gnoll.
You kill the gnoll!
The gnoll misses you.
You thump the gnoll!
The gnoll is almost dead.
You block the gnoll's attack. x2
You barely miss the gnoll.
The gnoll is almost dead.
The gnoll misses you. The gnoll closely misses you.
You hit the gnoll.
You kill the gnoll!
The gnoll hits you with a +0 club.
The scorpion stings you but does no damage.
You barely miss the scorpion. The gnoll barely misses you.
The scorpion completely misses you.
You hit the scorpion.
The scorpion is moderately wounded.
The gnoll closely misses you. The scorpion stings you.
You are poisoned.
The scorpion poisons you!
You barely miss the scorpion.
The scorpion is moderately wounded.
You feel very sick. You block the scorpion's attack.
The gnoll barely misses you.
You barely miss the scorpion.
The scorpion is moderately wounded.
You feel sick. The scorpion barely misses you.
The gnoll hits you with a +0 club! The scorpion stings you.
* * * LOW HITPOINT WARNING * * *
You are more poisoned.
The scorpion poisons you!
* * * LOW HITPOINT WARNING * * *
You feel very sick.
You die...

############
#..........#
#.####.###.# #####.#
#..@..# ####.....#
#g#####
#...##.######).....#
#.#.##.........###.#
#)#.###.####...#
#.### ... #...#
##.## ..#.#...#
....# ... #...#
.#.## #.#.....#


You could see a gnoll.

Vanquished Creatures
  2 adders
  3 gnolls (D:3)
  A worm (D:2)
  A dart slug (D:1)
  5 endoplasms
  A giant cockroach (D:1)
  4 goblins
  2 hobgoblins
  3 quokkas (D:1)
  5 ball pythons
  7 bats
  4 kobolds
  7 rats
45 creatures vanquished.

Notes
Turn   | Place    | Note
-------+----------+-------------------------------------------
     0 | D:1      | Iniera the Demonspawn Gladiator began the quest for the
                  | Orb.
     0 | D:1      | Reached XP level 1. HP: 16/16 MP: 1/1
    32 | D:1      | Reached skill level 3 in Staves
    91 | D:1      | Gained mutation: A meltable shield of frost defends you.
                  | (SH +4) [demonic ancestry]
    91 | D:1      | Reached XP level 2. HP: 12/22 MP: 2/2
   744 | D:2      | Gained mutation: You are partially covered in large bone
                  | plates. (SH +4) [demonic ancestry]
   744 | D:2      | Reached XP level 3. HP: 26/27 MP: 3/3
   750 | D:2      | Reached skill level 4 in Staves
  1680 | D:3      | Gained mutation: Your touch may inflict minor irresistible
                  | damage on your foes. [demonic ancestry]
  1680 | D:3      | Reached XP level 4. HP: 13/33 MP: 4/4
  1777 | D:3      | Noticed a scorpion
  1789 | D:3      | Succumbed to a scorpion's poison

Illustrated notes

Levels and vault maps discovered:
D:1:      dpeg_arrival_radiant, layout_basic
D:2:      layout_basic, small_statue_intersection, grunt_ministairs_15,
          chequers_avenue, minmay_diced_spiral
D:3:      layout_basic, shapermc_ecumenical_altar_notcrosses,
          grunt_decor_fettered, hangedman_decor_diamond_cutter,
          minmay_goblin_kobold_house, uniq_crazy_yiuf_cottage

Skill      XL: |  1  2  3 |
---------------+----------+-----
Staves         | 3 4 |  4.8
Fighting       | |  2.0
Throwing       | |  1.7
Dodging        | |  2.6

Action                     |  1- 3 |  4- 6 || total
---------------------------+-------+-------++-------
  Melee: Quarterstaff      |   129 |    11 ||   140
  Throw: Throwing net      |     1 |       ||     1
    Use: Scroll            |     2 |       ||     2
   Stab: Sleeping          |     4 |       ||     4
         Held in net/web   |     1 |       ||     1
 Armour: Leather armour    |    47 |     2 ||    49
  Dodge: Dodged            |    79 |    12 ||    91
  Block: Other             |    29 |     4 ||    33

Table legend: (Time is in decaauts)
 A = Elapsed time spent in this place.
 B = Non-inter-level travel time spent in this place.
 C = Inter-level travel time spent in this place.
 D = Time resting spent in this place.
 E = Time spent auto-exploring this place.
 F = Levels seen in this place.
 G = Mean time per level.
                   A        B        C        D        E       F      G
               +--------+--------+--------+--------+--------+-----+--------+
         Total |   1804 |   1723 |     81 |     77 |   1335 |   3 |  601.3 |
       Dungeon |   1804 |   1723 |     81 |     77 |   1335 |   3 |  601.3 |
               +--------+--------+--------+--------+--------+-----+--------+

Top non-repeatable levels by time:
     D:2: 887 daAuts
     D:1: 731 daAuts
     D:3: 184 daAuts
